 Dungeon Crawl Stone Soup version 0.31-a0-675-g238779eb0a (webtiles) character file.

Game seed: 8166012381000476093

50 senseless the Slasher (level 3, 0/28 HPs)
             Began as a Demonspawn Gladiator on Sept 5, 2023.
             Slain by an orc
             ... wielding a +0 whip
              (4 damage)
             ... on level 3 of the Dungeon.
             The game lasted 00:03:21 (1147 turns).

senseless the Slasher (Demonspawn Gladiator)        Turns: 1147, Time: 00:03:21

Health: 0/28       AC:  6    Str: 14    XL:     3   Next: 55%
Magic:  3/3        EV: 10    Int:  9    God:
Gold:   83         SH:  0    Dex: 18    Spells: 2/2 levels left

rFire   . . .        a - +0 long sword
rCold   + . .        (no shield)
rNeg    + . .        u - +0 leather armour
rPois   .            c - +0 helmet
rElec   .            n - +0 cloak
rCorr   .            s - +0 pair of gloves
SInv    .            (no boots)
Will    +....        (no amulet)
Stlth   +            o - ring "Zuudghocs" {rC+ rN+ Will+ Dex+2}
HPRegen 0.24/turn    (no ring)
MPRegen 0.08/turn

%: no passive effects
@: constricted
A: powered by death 1
a: no special abilities


You were on level 3 of the Dungeon.
You visited 1 branch of the dungeon, and saw 3 of its levels.

You collected 83 gold pieces.

Inventory:

Hand Weapons
 a - a +0 long sword (weapon)
 b - a +0 longbow
Missiles
 d - 3 throwing nets (quivered)
 e - a javelin
 p - 8 poisoned darts
Armour
 c - a +0 helmet (worn)
 n - a +0 cloak (worn)
 s - a +0 pair of gloves (worn)
 u - a +0 leather armour (worn)
Jewellery
 o - the ring "Zuudghocs" (left hand) {rC+ rN+ Will+ Dex+2}
   (You found it on level 2 of the Dungeon)

   [ring of positive energy]

   Dex+2:     It affects your dexterity (+2).
   rC+:       It protects you from cold.
   rN+:       It protects you from negative energy.
   Will+:     It increases your willpower.
Talismans
 k - a serpent talisman
Wands
 t - a wand of mindburst (11)
Scrolls
 f - 3 scrolls of identify {unknown}
 g - 2 scrolls of teleportation {unknown}
 h - a scroll of immolation {unknown}
 q - a scroll of blinking {unknown}
 r - a scroll of fog {unknown}
Potions
 i - a potion of mutation {unknown}
 j - 2 potions of attraction {unknown}
 l - a potion of haste {unknown}
 m - 2 potions of curing {unknown}


   Skills:
 + Level 2.8 Fighting
 + Level 3.2 Long Blades
 - Level 1.7 Throwing
 + Level 3.2 Dodging


You had 2 spell levels left.
You didn't know any spells.
Your spell library contained the following spells:

 Spells                   Type           Power      Damage    Failure   Level
 Chain Lightning          Conj/Air       0%         N/A       100%        9
 Fire Storm               Conj/Fire      0%         5d1       100%        9
 Shatter                  Erth           0%         3d5*      100%        9


Dungeon Overview and Level Annotations

Branches:
Dungeon (3/15)

Altars:


Innate Abilities, Weirdness & Mutations

You regenerate a little health from kills.


Message History

The ball python bites you but does no damage.
The ball python barely misses you. The quokka closely misses you.
The orc barely misses you. The quokka misses you.
The ball python bites you but does no damage.
The ball python closely misses you.
You hit the orc but do no damage.
The orc is moderately wounded.
The orc closely misses you.
The ball python bites you but does no damage.
The ball python barely misses you. The quokka completely misses you.
The orc hits you with a +0 whip.
You hit the orc.
The orc is heavily wounded.
The ball python bites you but does no damage.
The ball python barely misses you. The quokka misses you.
The orc hits you with a +0 whip. The quokka bites you.
The ball python bites you but does no damage.
The ball python grabs you. The ball python constricts you.
You barely miss the ball python. The ball python barely misses you.
The ball python constricts you. The orc barely misses you.
The quokka bites you.
You barely miss the ball python. Your punch misses the ball python.
The ball python bites you but does no damage.
The ball python constricts you.
The quokka bites you but does no damage.
The orc hits you but does no damage.
The ball python bites you but does no damage.
The ball python constricts you. The quokka bites you.
You closely miss the ball python. The orc hits you with a +0 whip.
The quokka bites you.
* * * LOW HITPOINT WARNING * * *
The ball python bites you.
* * * LOW HITPOINT WARNING * * *
The ball python constricts you. The orc hits you but does no damage.
Unknown command.
You barely miss the ball python. The quokka bites you.
* * * LOW HITPOINT WARNING * * *
The ball python closely misses you. The ball python constricts you.
The orc hits you with a +0 whip.
You die...

#.. .......... #...
#.......P.♣...#
#..##.....PP♣ .P..#
#.......P..♣P$...#
#..<...♣.♣.......
####......P.)...#
#...PP♣♣P.P.....
.###..##.P♣PSr)....#
.....###..P.@o..#
............#.###
...#######.##... #..
#.# .#.# .. #.#
....# #.# P. .# ...
♣.. # ... ♣. ...


You could see an orc, a quokka and a ball python.

Vanquished Creatures
  An orc priest (D:3)
  2 dart slugs
  An orc (D:3)
  A ball python (D:2)
  2 goblins
  A kobold (D:1)
  4 quokkas
  4 frilled lizards
16 creatures vanquished.

Notes
Turn   | Place    | Note
-------+----------+-------------------------------------------
     0 | D:1      | senseless the Demonspawn Gladiator began the quest for the
                  | Orb.
     0 | D:1      | Reached XP level 1. HP: 16/16 MP: 1/1
   703 | D:2      | Gained mutation: You regenerate a little health from kills.
                  | [demonic ancestry]
   703 | D:2      | Reached XP level 2. HP: 17/22 MP: 2/2
   749 | D:2      | Identified the ring "Zuudghocs" {rC+ rN+ Will+ Dex+2}
  1135 | D:3      | Reached XP level 3. HP: 27/28 MP: 3/3
  1147 | D:3      | Slain by an orc

Illustrated notes

Levels and vault maps discovered:
D:1:      wander_arrival_peaceful_grave, layout_basic
D:2:      layout_rooms, dreamdust_mushroom_princess
D:3:      layout_rooms, nicolae_yredelemnul_ghost_church,
          hellmonk_ecumenical_altar_crossroads, serial_forest,
          infiniplex_forest_clump_tiny, infiniplex_forest_end_2,
          infiniplex_forest_clump_small, infiniplex_forest_straight_2,
          infiniplex_forest_clump_diagonal, infiniplex_forest_straight_3,
          infiniplex_forest_pool

Skill      XL: |  1  2 |
---------------+-------+-----
Long Blades    | 3 |  3.2
Dodging        | 3 |  3.2
Fighting       | |  2.8
Throwing       | |  1.7

Action                     || total
---------------------------++-------
  Melee: Long sword        ||    52
   Fire: Longbow           ||     5
   Stab: Sleeping          ||     1
 Armour: Leather armour    ||    48
  Dodge: Dodged            ||    44

Table legend: (Time is in decaauts)
 A = Elapsed time spent in this place.
 B = Non-inter-level travel time spent in this place.
 C = Inter-level travel time spent in this place.
 D = Time resting spent in this place.
 E = Time spent auto-exploring this place.
 F = Levels seen in this place.
 G = Mean time per level.
                   A        B        C        D        E       F      G
               +--------+--------+--------+--------+--------+-----+--------+
         Total |   1161 |   1144 |     17 |      0 |    958 |   3 |  387.0 |
       Dungeon |   1161 |   1144 |     17 |      0 |    958 |   3 |  387.0 |
               +--------+--------+--------+--------+--------+-----+--------+

Top non-repeatable levels by time:
     D:1: 677 daAuts
     D:2: 449 daAuts
     D:3: 33 daAuts
